 Seeded DCSS version 0.29.1-15-g9cfb28693d (webtiles) character file.

Game seed: 1019281591211795276 (custom seed)

349 bmack86 the Chopper (level 6, -18/56 HPs)
             Began as a Minotaur Fighter on Apr 12, 2023.
             Demolished by an ogre
             ... wielding a +0 giant club
              (31 damage)
             ... on level 4 of the Dungeon.
             The game lasted 00:06:43 (2801 turns).

bmack86 the Chopper (Minotaur Fighter)              Turns: 2801, Time: 00:06:44

Health: -18/56     AC:  9    Str: 23    XL:     6   Next: 33%
Magic:  5/5        EV:  7    Int:  5    God:
Gold:   191        SH:  4    Dex:  9    Spells: 5/5 levels left

rFire   . . .      SeeInvis .   a - +1 war axe
rCold   . . .      Faith    .   c - +0 buckler
rNeg    . . .      Spirit   .   j - +0 chain mail
rPois   .          Reflect  .   (helmet restricted)
rElec   .          Harm     .   (no cloak)
rCorr   .          Rampage  .   (no gloves)
Will    .....                   (no boots)
Stlth   ..........              (no amulet)
HPRegen 0.18/turn               (no ring)
MPRegen 0.09/turn               (no ring)

@: mighty, lethally poisoned (-18 -> -19), hasted, very quick
A: horns 2, retaliatory headbutt
a: no special abilities


You were on level 4 of the Dungeon.
You visited 1 branch of the dungeon, and saw 4 of its levels.

You collected 219 gold pieces.
You spent 28 gold pieces at shops.

Inventory:

Hand Weapons
 a - a +1 war axe (weapon)
Armour
 b - a +0 scale mail
 c - a +0 buckler (worn)
 j - a +0 chain mail (worn)
Wands
 k - a wand of polymorph (10)
 p - a wand of flame (18) (quivered)
Scrolls
 e - 4 scrolls of acquirement {unknown}
 g - a scroll of fear {unknown}
 l - a scroll of teleportation
 n - a scroll of amnesia {unknown}
 o - a scroll of silence {unknown}
Potions
 f - a potion of magic
 i - 2 potions of curing {unknown}
 m - a potion of heal wounds {unknown}


   Skills:
 + Level 5.0 Fighting
 * Level 5.4 Axes
 + Level 5.0 Armour
 + Level 5.0 Shields


You had 5 spell levels left.
You didn't know any spells.
Your spell library contained the following spells:

 Spells                   Type           Power      Damage    Failure   Level
 Apportation              Tloc           0%         N/A       99%         1
 Necrotise                Necr           0%         1d4       99%         1
 Summon Small Mammal      Summ           0%         N/A       99%         1
 Ensorcelled Hibernation  Hex/Ice        0%         N/A       100%        2
 Spider Form              Tmut/Pois      0%         N/A       100%        3
 Anguish                  Hex/Necr       0%         N/A       100%        4


Dungeon Overview and Level Annotations

Branches:
Dungeon (4/15)
 Temple: D:4-7

Altars:

Shops:
D:2 ?

Annotations:
D:3 2 transporters, jakethebiosnake's ghost, amateur PaHW


Innate Abilities, Weirdness & Mutations

You have a pair of horns on your head.
You reflexively headbutt those who attack you in melee.


Message History

The phantom is moderately damaged.
You hit the plant.
The phantom hits you but does no damage.
The adder bites you but does no damage.
Unknown command.
You hit the phantom.
The phantom is heavily damaged.
You barely miss the adder. You hit the plant.
A nearby plant withers and dies.
The phantom completely misses you. The adder bites you but does no damage.
The ogre hits you with a +0 giant club!!
The phantom barely misses you.
You hit the phantom but do no damage.
The phantom is heavily damaged.
You hit the adder. You hit the ogre. The adder bites you.
You are poisoned.
The adder poisons you! You block the adder's attack. The phantom hits you.
The phantom blinks!
You blink.
You slash the phantom!
You destroy the phantom!
You hit the plant.
The plant begins to die.
You feel very sick.
Your Fighting skill increases to level 5!
Your Armour skill increases to level 5!
Your Shields skill increases to level 5!
You feel sick.
You feel sick.
The giant cockroach bites you but does no damage.
The adder bites you but does no damage.
You feel very mighty all of a sudden.
You feel sick.
A nearby plant withers and dies.
The giant cockroach barely misses you. The adder completely misses you.
The giant cockroach barely misses you. You furiously retaliate!
You headbutt the giant cockroach.
You kill the giant cockroach!
You feel yourself speed up.
You feel sick. The adder bites you but does no damage.
The giant cockroach bites you.
* * * LOW HITPOINT WARNING * * *
The ogre hits you with a +0 giant club!!
Ouch! That really hurt!
You die...

#########.#
#..P.P..#.#
##..~~~P##.#
#.P~.~~~♣#.#
#.~~~..~...#
#.~♣~~~..#.#
#.~~≈~~~♣..#
#.~.~≈.~S.##
#P~~≈≈~.B@#
#P~~~♣~~O.#
#.~..~~~#.#
#.P.~.P...#
#.#..P..#.#
#....####.#
####. ..# ##
#.#


You could see an ogre, an adder and a giant cockroach.

Vanquished Creatures
  Grinder (D:3)
  A phantom (D:4)
  2 adders (D:3)
  A dart slug (D:3)
  9 ball pythons
  5 endoplasms
  6 giant cockroaches
  7 goblins
  4 hobgoblins
  7 kobolds
  2 quokkas
  5 bats
  8 frilled lizards
  6 rats
64 creatures vanquished.

Vanquished Creatures (others)
  A fungus (D:1)
  9 plants
10 creatures vanquished.

Grand Total: 74 creatures vanquished

Notes
Turn   | Place    | Note
-------+----------+-------------------------------------------
     0 | D:1      | bmack86 the Minotaur Fighter began the quest for the Orb.
     0 | D:1      | Reached XP level 1. HP: 19/19 MP: 0/0
    63 | D:1      | Found a faded altar of an unknown god.
   282 | D:1      | Reached XP level 2. HP: 27/27 MP: 1/1
   827 | D:1      | Reached XP level 3. HP: 21/33 MP: 2/2
  1415 | D:2      | Found Seuseagikh's Magic Scroll Shoppe.
  1434 | D:2      | Bought a scroll of identify for 28 gold pieces
  1734 | D:3      | Found a transporter.
  1742 | D:3      | Reached XP level 4. HP: 40/40 MP: 3/3
  1746 | D:3      | Noticed jakethebiosnake's ghost (amateur PaHW)
  1817 | D:3      | Found a transporter.
  2040 | D:3      | Noticed Grinder
  2041 | D:3      | Paralysed by Grinder for 4 turns
  2050 | D:3      | Killed Grinder
  2051 | D:3      | Reached skill level 5 in Axes
  2051 | D:3      | Reached XP level 5. HP: 11/47 MP: 4/4
  2051 | D:3      | Reached XP level 6. HP: 13/55 MP: 5/5
  2798 | D:4      | Reached skill level 5 in Fighting
  2798 | D:4      | Reached skill level 5 in Armour
  2798 | D:4      | Reached skill level 5 in Shields
  2801 | D:4      | Demolished by an ogre

Illustrated notes

Levels and vault maps discovered:
D:1:      wander_arrival_lonely_grave, layout_basic,
          shapermc_ecumenical_altar_hornbeckon, minmay_small_reverse_x
D:2:      layout_rooms, serial_shops, nicolae_shop_advertising_works
          [nicolae_subvault_shop_adworks]
D:3:      layout_basic, gammafunk_ghost_gnarly_gnolls, uniq_grinder
D:4:      layout_loops_ring, serial_bayou_pond_b, grunt_decor_mini_mirrors,
          kennysheep_big_empty_room

Skill      XL: |  1  2  3  4  5  6 |
---------------+-------------------+-----
Axes           | 3 5 |  5.4
Fighting       | 4 5 |  5.0
Armour         | 4 5 |  5.0
Shields        | 4 5 |  5.0

Action                   |  1- 3 |  4- 6 || total
-------------------------+-------+-------++-------
Melee: War axe           |    95 |    47 ||   142
       Headbutt          |     7 |     3 ||    10
  Use: Scroll            |     6 |       ||     6
       Potion            |       |     2 ||     2
Armor: Scale mail        |    16 |       ||    16
       Chain mail        |    46 |    31 ||    77
Dodge: Dodged            |    39 |    24 ||    63
Block: Buckler           |    22 |     2 ||    24
